 Dungeon Crawl Stone Soup version 0.17-a0-1804-gf6433eb (webtiles) character file.

3020 Neuromancien059 the Ducker (level 9, -1/89 HPs)
             Began as a Troll Berserker on Sept 11, 2015.
             Was a High Priest of Trog.
             Slain by a two-headed ogre
             ... wielding a +0 giant club
              (14 damage)
             ... on level 8 of the Dungeon.
             The game lasted 00:57:04 (5944 turns).

Neuromancien059 the Ducker (Troll Berserker)        Turns: 5944, Time: 00:57:04

Health: -1/89      AC:  5    Str: 27    XL:     9   Next: 55%
Magic:  8/8        EV: 10    Int:  3    God:    Trog [*****.]
Gold:   401        SH:  0    Dex: 12    Spells: 0 memorised, 8 levels left

rFire  . . .     SeeInvis .       - Unarmed
rCold  . . .     Clarity  .     a - +0 animal skin
rNeg   . . .     SustAt   .     (no shield)
rPois  +         Gourm    +     (helmet restricted)
rElec  .         Spirit   .     (no cloak)
rCorr  .         Warding  .     (gloves unavailable)
rMut   .         Stasis   .     (boots unavailable)
MR     .....                    y - amulet of regeneration
Stlth  ++........               t - ring of poison resistance
                                x - -3 ring of evasion (curse)

@: not resistant to hostile enchantments, unstealthy
A: unfitting armour, claws 3, fast metabolism 3, gourmand, regeneration 2,
shaggy fur 1, tough skin 2
a: Burn Spellbooks, Berserk, Trog's Hand, Brothers in Arms, Renounce Religion


You were on level 8 of the Dungeon.
You worshipped Trog.
Trog was extremely pleased with you.
You were hungry.

You visited 2 branches of the dungeon, and saw 9 of its levels.

You collected 401 gold pieces.

Inventory:

Armour
 a - a +0 animal skin (worn)
Jewellery
 h - an uncursed ring of wizardry
 p - an uncursed amulet of stasis
 t - a ring of poison resistance (right claw)
 x - a cursed -3 ring of evasion (left claw)
 y - an amulet of regeneration (around neck)
Magical devices
 w - a wand of lightning (8)
 N - a wand of enslavement (11)
 P - a wand of confusion (15)
 R - a wand of frost (18)
Scrolls
 c - 3 scrolls of teleportation {unknown}
 e - 3 scrolls of noise {unknown}
 f - a scroll of recharging {unknown}
 i - 2 scrolls of fog {unknown}
 j - 7 scrolls of remove curse {unknown}
 m - a scroll of enchant armour {unknown}
 o - 11 scrolls of identify {unknown}
 r - 2 scrolls of enchant weapon {unknown}
 s - 2 scrolls of blinking {unknown}
 B - 2 scrolls of magic mapping {unknown}
 E - a scroll of amnesia {unknown}
 G - a scroll of random uselessness {unknown}
 K - a scroll of fear {unknown}
 M - a scroll of immolation {unknown}
Potions
 l - 3 potions of poison {unknown}
 n - 2 potions of brilliance {unknown}
 u - 7 potions of curing {unknown}
 v - a potion of agility {unknown}
 z - a potion of cure mutation {unknown}
 A - 3 potions of resistance {unknown}
 C - 2 potions of cancellation {unknown}
 F - a potion of magic {unknown}
 I - a potion of ambrosia {unknown}
 J - a potion of flight {unknown}
 O - a potion of lignification {unknown}
 Q - a potion of degeneration {unknown}
 T - a potion of might {unknown}
Books
 D - a book of Clouds

   Spells                             Type                      Level
   a - Mephitic Cloud                 Conjuration/Poison/Air       3
   b - Conjure Flame                  Conjuration/Fire             3
   c - Poisonous Cloud                Conjuration/Poison/Air       6
   d - Freezing Cloud                 Conjuration/Ice/Air          6
   e - Ring of Flames                 Charms/Fire                  7
   Trog disapproves of the use of such an item.
 H - a book of the Warp

   Spells                             Type                      Level
   a - Recall                         Summoning/Translocation      3
   b - Gell's Gravitas                Hexes/Translocation          3
   c - Force Lance                    Conjuration/Translocation    4
   d - Phase Shift                    Translocation                5
   e - Warp Weapon                    Charms/Translocation         5
   f - Summon Forest                  Summoning/Translocation      5
   Trog disapproves of the use of such an item.
 S - a book of Fire

   Spells                             Type                      Level
   a - Ignite Poison                  Fire/Transmutation/Poison    3
   b - Fireball                       Conjuration/Fire             5
   c - Bolt of Fire                   Conjuration/Fire             6
   d - Delayed Fireball               Conjuration/Fire             7
   e - Ring of Flames                 Charms/Fire                  7
   Trog disapproves of the use of such an item.
Comestibles
 b - 6 bread rations
 d - 10 slices of pizza
 g - 3 meat rations
 k - 5 beef jerkies
 q - 3 royal jellies
 L - 11 chunks of flesh


   Skills:
 + Level 5.7 Fighting
 + Level 7.8 Dodging
 + Level 2.2 Stealth
 + Level 7.7 Unarmed Combat


You had 8 spell levels left.
You didn't know any spells.

Dungeon Overview and Level Annotations

Branches:
Dungeon (8/15)             Temple (1/1) D:5
   Lair: D:8-11

Altars:
Ashenzari
Cheibriados
Dithmenos
Elyvilon
Fedhas
Gozag
Kikubaaqudgha
Makhleb
Nemelex Xobeh
Okawaru
Qazlal
Ru
Sif Muna
Trog
Vehumet
Xom
Yredelemnul
Zin
The Shining One


Innate Abilities, Weirdness & Mutations

You are too large for most types of armour.
You have claws for hands.
Your metabolism is lightning-fast.
You like to eat raw meat.
You heal very quickly.
You are covered in fur (AC +1).
You have very tough skin (AC +2).


Message History

A two-headed ogre comes into view. It is wielding two giant clubs.
The two-headed ogre shouts in stereo!
The two-headed ogre closely misses you.
The two-headed ogre hits you with a giant club!
You scratch the two-headed ogre.
The two-headed ogre is lightly wounded.
The two-headed ogre hits you with a giant club!
The two-headed ogre closely misses you.
You completely miss the two-headed ogre.
The two-headed ogre is lightly wounded.
You mangle the two-headed ogre!!
The two-headed ogre is severely wounded.
The two-headed ogre closely misses you.
The two-headed ogre hits you with a giant club!!
You scratch the two-headed ogre.
The two-headed ogre is severely wounded.
The two-headed ogre hits you with a giant club!!
* * * LOW HITPOINT WARNING * * *
The two-headed ogre hits you with a giant club!
You die...

##### ######...######
..............#
.........####.##########
######..## #..)........
........### #.#########.
........##.##..# #.
#######@#...#..### #.
#.O...<.....#### #.
#..............# #.
#..##.......##.###.
#..####...####.##..
#..####...####.###.
.....(......##.# #.
#..####...#.##.# #.
#.>##.##.# #.


You could see a two-headed ogre.

Vanquished Creatures
  Sigmund (D:5)
  3 hippogriffs
  2 hogs (D:7)
  A human (D:7)
  Menkaure (D:6)
  2 sky beasts (D:7)
  2 phantoms
  2 ogres
  A centaur (D:7)
  A crocodile (D:8)
  3 giant frogs (D:6)
  A wyvern skeleton (D:7)
  3 scorpions
  4 hounds
  3 crimson imps
  An orc priest (D:4)
  6 orc wizards
  3 jellies
  Jessica (D:7)
  3 worker ants
  2 sheep (D:7)
  2 hound skeletons
  11 adders
  An ooze (D:1)
  2 adder zombies
  5 worms (D:2)
  2 giant geckos
  19 orcs
  2 giant cockroaches
  9 goblins
  7 hobgoblins
  A quokka (D:5)
  3 ball pythons
  8 bats
  A giant gecko skeleton (D:4)
  4 giant newts
  A jackal skeleton (D:5)
  5 kobolds
  2 quokka skeletons (D:6)
  12 rats
143 creatures vanquished.

Vanquished Creatures (others)
  A fungus (D:3)
1 creature vanquished.

Grand Total: 144 creatures vanquished

Notes
Turn   | Place    | Note
--------------------------------------------------------------
     0 | D:1      | Neuromancien059 the Troll Berserker began the quest for the Orb.
     0 | D:1      | Reached XP level 1. HP: 22/22 MP: 0/0
   133 | D:1      | Reached XP level 2. HP: 29/29 MP: 1/1
   309 | D:1      | Acquired Trog's second power
   759 | D:2      | Reached XP level 3. HP: 36/36 MP: 2/2
  1652 | D:3      | Found a sacrificial altar of Ru.
  1668 | D:3      | Found a snail-covered altar of Cheibriados.
  1698 | D:3      | Found a glowing silver altar of Zin.
  1704 | D:3      | Found a stormy altar of Qazlal.
  1802 | D:3      | Reached XP level 4. HP: 42/45 MP: 3/3
  2035 | D:3      | Found a blossoming altar of Fedhas.
  2436 | D:3      | Reached skill level 4 in Unarmed Combat
  2436 | D:3      | Reached XP level 5. HP: 47/53 MP: 4/4
  2626 | D:4      | Reached XP level 6. HP: 57/61 MP: 5/5
  2655 | D:4      | Noticed an ogre
  2693 | D:4      | Killed an ogre
  2708 | D:4      | Acquired Trog's third power
  2805 | D:4      | Reached skill level 5 in Unarmed Combat
  2991 | D:5      | Entered Level 5 of the Dungeon
  2995 | D:5      | Found a staircase to the Ecumenical Temple.
  3008 | D:5      | Reached XP level 7. HP: 61/68 MP: 6/6
  3019 | Temple   | Entered the Ecumenical Temple
  3534 | D:5      | Found a shadowy altar of Dithmenos.
  3537 | D:5      | Found a blossoming altar of Fedhas.
  3537 | D:5      | Found a bloodstained altar of Trog.
  3676 | D:5      | Noticed Sigmund
  3686 | D:5      | Killed Sigmund
  3686 | D:5      | Reached skill level 5 in Dodging
  4091 | D:6      | Noticed Menkaure
  4099 | D:6      | Killed Menkaure
  4099 | D:6      | Reached skill level 1 in Stealth
  4099 | D:6      | Reached XP level 8. HP: 60/79 MP: 7/7
  4381 | D:6      | Reached skill level 6 in Unarmed Combat
  4989 | D:7      | Reached skill level 5 in Fighting
  5279 | D:7      | Found a sparkling altar of Nemelex Xobeh.
  5284 | D:7      | Reached XP level 9. HP: 88/88 MP: 8/8
  5339 | D:7      | Found a sparkling altar of Nemelex Xobeh.
  5339 | D:7      | Noticed Jessica
  5355 | D:7      | Killed Jessica
  5426 | D:7      | Reached skill level 7 in Dodging
  5944 | D:8      | Slain by a two-headed ogre

Vault maps used:
D:1:      lordsloth_arrival_two_stooges, due_unseen_surprise
D:2:      first_bread, eino_tiny_chamber
D:3:      nicolae_ru_sacrificial_ziggurat, minitemple, fedhas_altar_3
D:5:      grunt_temple_overflow_open, minmay_temple_entry_statues_fountains,
          hangedman_abyss_or_decor_stagger, kennysheep_generic_room_9,
          uniq_sigmund
D:6:      uniq_menkaure
D:7:      basic_altar, grunt_livestock, nemelex_lonely_heart_becter
Temple:   circular_temple_12

Action                   |  1- 3 |  4- 6 |  7- 9 || total
-------------------------+-------+-------+-------++-------
Melee: Unarmed           |   128 |   123 |   227 ||   478
 Stab: Sleeping          |       |     1 |     3 ||     4
  Eat: Chunk             |    14 |     9 |    14 ||    37
       Royal jelly       |       |     1 |       ||     1
       Bread ration      |       |       |     2 ||     2
       Meat ration       |       |       |     1 ||     1
